 Dungeon Crawl Stone Soup version 0.30-b1-2-g02819fbbbe (webtiles) character file.

Game seed: 11883886897994890047

149 Alarkh the Insei (level 5, 41/41 HPs)
             Began as a Demonspawn Delver on May 22, 2023.
             Got out of the dungeon alive.
             The game lasted 00:02:18 (764 turns).

Alarkh the Insei (Demonspawn Delver)                 Turns: 764, Time: 00:02:18

Health: 41/41      AC:  4    Str: 12    XL:     5   Next: 9%
Magic:  5/5        EV: 11    Int: 14    God:
Gold:   61         SH:  0    Dex: 14    Spells: 4/4 levels left

rFire   + .          .
                       - Unarmed
rCold   . . .        (no shield)
rNeg    . . .        a - +0 leather armour
rPois   .            (helmet restricted)
rElec   .            i - +0 cloak
rCorr   .            (no gloves)
SInv    .            (no boots)
Will    .....        (no amulet)
Stlth   ++           g - ring of protection from fire
HPRegen 0.26/turn    (no ring)
MPRegen 0.09/turn

%: no passive effects
@: no status effects
A: antennae 1, powered by death 1, demonic touch 1
a: no special abilities


You escaped.
You visited 1 branch of the dungeon, and saw 5 of its levels.

You collected 61 gold pieces.

Inventory:

Missiles
 h - a throwing net (quivered)
Armour
 a - a +0 leather armour (worn)
 i - a +0 cloak (worn)
Jewellery
 g - a ring of protection from fire (left hand)
 l - a ring of fire
Wands
 f - a wand of digging (3)
Scrolls
 b - 2 scrolls of fog
 c - a scroll of magic mapping
 n - a scroll of noise {unknown}
 o - a scroll of amnesia {unknown}
Potions
 d - a potion of might {unknown}
 e - a potion of haste
 j - a potion of degeneration {unknown}
 k - a potion of heal wounds {unknown}
 m - a potion of ambrosia {unknown}


   Skills:
 - Level 3.0 Fighting
 - Level 1.7 Dodging
 - Level 4.5 Stealth
 + Level 4.9 Unarmed Combat


You had 4 spell levels left.
You didn't know any spells.
Your spell library was empty.

Dungeon Overview and Level Annotations

Branches:
Dungeon (5/15)
 Temple: D:4-7

Altars:

Annotations:
D:5 1 runed translucent door, Eustachio; arta456's ghost, novice DECj


Innate Abilities, Weirdness & Mutations

You have a pair of small antennae on your head.
You regenerate a little health from kills.
Your touch may inflict minor irresistible damage on your foes.


Message History

No target in view!
No target in view!
No target in view!
No target in view!
o - a scroll labelled DEPLAA NYSS
Found a sling.
You see here a +0 sling.
Found a staircase leading out of the dungeon.
There is a staircase leading out of the dungeon here.
Found a stone staircase leading down.
A bat comes into view.
Found a buckler and a ring mail.
Found an orange potion.
A quokka comes into view.
Found a falchion.
The helpless bat fails to defend itself.
You hit the bat. Your touch misses the bat.
The bat is heavily wounded.
The bat closely misses you. The bat hits you.
You closely miss the bat.
The bat is heavily wounded.
The bat hits you.
You barely miss the bat.
The bat is heavily wounded.
The bat completely misses you.
You closely miss the bat.
You touch the bat.
You kill the bat!
The quokka barely misses you.
You completely miss the quokka. Your touch misses the quokka.
The quokka bites you.
You barely miss the quokka. The quokka misses you.
The quokka closely misses you.
You barely miss the quokka. The quokka barely misses you.
You barely miss the quokka.
You touch the quokka.
You kill the quokka!
No target in view!
There is a staircase leading out of the dungeon here.
Are you sure you want to leave the Dungeon?
This will make you lose the game!
You have escaped!

##.......... ............
...........[ ...)..# #######.....
......# ###### ###### ####.....
......###....####....####........
......##......##......##.........
......##..##..##..##..##..##.#...
......##..##..#.@..#..##..#######
......##..##..#....#..##..#######
>....###..##..##..##..##..##.....
#.........##......##......######.
#.#.#....####....####....###.....
......#### ###### ###### #####.
###.### ## #.. # ### #


There were no monsters in sight!

Vanquished Creatures
  2 hounds (D:5)
  An adder (D:2)
  5 gnolls (D:5)
  An orc (D:3)
  4 endoplasms
  2 giant cockroaches
  2 goblins (D:1)
  2 hobgoblins
  2 quokkas (D:1)
  2 ball pythons (D:1)
  3 bats (D:1)
  A frilled lizard (D:2)
  5 kobolds
  A rat (D:1)
33 creatures vanquished.

Notes
Turn   | Place    | Note
-------+----------+-------------------------------------------
     0 | D:5      | Alarkh the Demonspawn Delver began the quest for the Orb.
     0 | D:5      | Reached XP level 1. HP: 18/18 MP: 1/1
     8 | D:5      | Found a runed translucent door.
    12 | D:5      | Noticed arta456's ghost (novice DECj)
    31 | D:5      | Discovered your monstrous ancestry.
    31 | D:5      | Gained mutation: Your touch may inflict minor irresistible
                  | damage on your foes. [demonic ancestry]
    31 | D:5      | Reached XP level 2. HP: 2/24 MP: 2/2
    36 | D:5      | Reached XP level 3. HP: 4/29 MP: 3/3
   160 | D:5      | Gained mutation: You regenerate a little health from kills.
                  | [demonic ancestry]
   160 | D:5      | Reached XP level 4. HP: 33/35 MP: 4/4
   258 | D:5      | Noticed Eustachio
   283 | D:5      | Noticed a water moccasin
   548 | D:1      | Gained mutation: You have a pair of small antennae on your
                  | head. [demonic ancestry]
   548 | D:1      | Reached XP level 5. HP: 41/41 MP: 5/5
   764 | D:$      | Got out of the dungeon alive.

Illustrated notes

Levels and vault maps discovered:
D:1:      minmay_arrival_wavy_path, layout_rooms, minmay_ruptured
D:2:      layout_loops_ring, minmay_pentomino_r2, uniq_jessica
D:3:      layout_rooms, mainiacjoe_overflow_tiny_flanked, dk_noncrumbling_3
D:4:      minmay_angry_zag, layout_loops_ring, lemuel_blue_sif_altar,
          marbit_many_paths, amcnicky_altar_gilded, serial_shops, shop
D:5:      layout_loops_ring, ebering_ghost_sewer_d, cheibrodos_gnoll_hut,
          uniq_eustachio

Skill      XL: |  1  2  3 |
---------------+----------+-----
Unarmed Combat | 2 3 4 |  4.9
Fighting       | |  3.0
Dodging        | |  1.7
Stealth        | |  4.5

Action                     |  1- 3 |  4- 6 || total
---------------------------+-------+-------++-------
  Melee: Unarmed           |     1 |    56 ||    57
         Touch             |       |    10 ||    10
         Punch             |       |     1 ||     1
  Evoke: Wand              |     6 |     4 ||    10
    Use: Scroll            |       |     2 ||     2
   Stab: Sleeping          |       |     3 ||     3
 Armour: Leather armour    |       |     9 ||     9
  Dodge: Dodged            |     2 |    34 ||    36
